 Dungeon Crawl Stone Soup version 0.29.1-2-gbd0b4ee654 (webtiles) character file.

Game seed: 7593074355882928430

14 xian the Vexing (level 2, 0/19 HPs)
             Began as a Vampire Enchanter on Oct 24, 2022.
             Constricted to death by a ball python (1 damage)
             ... on level 1 of the Dungeon.
             The game lasted 00:01:38 (549 turns).

xian the Vexing (Vampire Enchanter)                  Turns: 549, Time: 00:01:38

Health: 0/19       AC:  2    Str:  7    XL:     2   Next: 31%
Magic:  5/5        EV:  9    Int: 17    God:
Gold:   74         SH:  0    Dex: 14    Spells: 5/5 levels left

rFire   . . .      SeeInvis +   a - +1 dagger
rCold   . . .      Faith    .   (no shield)
rNeg    . . .      Spirit   .   b - +0 robe
rPois   .          Reflect  .   (no helmet)
rElec   .          Harm     .   (no cloak)
rCorr   +          Rampage  .   (no gloves)
Will    .....                   (no boots)
Stlth   +++.......              d - amulet of magic regeneration
HPRegen 0.26/turn               f - ring of resist corrosion
MPRegen 0.49/turn               (no ring)

@: healing quickly, constricted
A: alive, fangs 3, see invisible, vampiric 1
a: Exsanguinate


You were on level 1 of the Dungeon.
You visited 1 branch of the dungeon, and saw 1 of its levels.

You collected 74 gold pieces.

Inventory:

Hand Weapons
 a - a +1 dagger (weapon)
Armour
 b - a +0 robe (worn)
Jewellery
 d - an amulet of magic regeneration (around neck)
 f - a ring of resist corrosion (left hand)
Scrolls
 e - a scroll of identify {unknown}
 g - 2 scrolls of teleportation {unknown}
 h - a scroll of enchant weapon {unknown}
 j - a scroll of magic mapping {unknown}
 k - a scroll of enchant armour {unknown}
 l - a scroll of amnesia {unknown}
Potions
 c - 2 potions of invisibility
 i - 2 potions of curing {unknown}


   Skills:
 + Level 1.1 Short Blades
 + Level 2.5 Dodging
 + Level 4.6 Stealth
 + Level 2.2 Spellcasting
 + Level 4.8 Hexes


You had 5 spell levels left.
You didn't know any spells.
Your spell library contained the following spells:

 Spells                   Type           Power      Damage    Failure   Level
 Confusing Touch          Hex            18%        N/A       8%          3
 Tukima's Dance           Hex            18%        N/A       8%          3
 Ensorcelled Hibernation  Hex/Ice        20%        N/A       11%         2
 Apportation              Tloc           2%         N/A       19%         1
 Necrotise                Necr           4%         1d4       19%         1
 Summon Small Mammal      Summ           4%         N/A       19%         1
 Dazzling Flash           Conj/Hex       20%        N/A       22%         3


Dungeon Overview and Level Annotations

Branches:
Dungeon (1/15)

Altars:


Innate Abilities, Weirdness & Mutations

Your natural rate of healing is accelerated.
You have razor-sharp teeth.
You have supernaturally acute eyesight. (SInv)
You are afflicted with vampirism.


Message History

Found 4 stones.
You now have 74 gold pieces (gained 11).
You see here 4 stones.
An endoplasm comes into view.
The helpless endoplasm fails to defend itself.
You impale the endoplasm!!
You kill the endoplasm!
l - a scroll labelled DYEZEM HUAGIPU
Found a dagger.
A hobgoblin and a ball python come into view.
Found a scroll labelled YHUN TEGE DOC VEO.
The hobgoblin shouts!
A giant cockroach comes into view.
Found a club.
The ball python hisses angrily.
You hit the hobgoblin but do no damage.
You bite the hobgoblin, but do no damage.
The hobgoblin hits you.
You barely miss the hobgoblin. You bite the hobgoblin.
The hobgoblin is heavily wounded.
The hobgoblin hits you but does no damage.
The giant cockroach closely misses you.
You barely miss the hobgoblin.
The hobgoblin is heavily wounded.
The giant cockroach closely misses you. The hobgoblin barely misses you.
The ball python bites you. The ball python grabs you.
The ball python constricts you.
You hit the hobgoblin but do no damage.
The hobgoblin is heavily wounded.
The giant cockroach bites you. The ball python bites you.
The ball python constricts you. The hobgoblin hits you.
* * * LOW HITPOINT WARNING * * *
You barely miss the hobgoblin.
The hobgoblin is heavily wounded.
The giant cockroach bites you.
* * * LOW HITPOINT WARNING * * *
The ball python bites you.
* * * LOW HITPOINT WARNING * * *
The ball python constricts you.
You die...

## .# ########
.#########......###
..................#
..########..#####.# ..#
##.#.#S#.#
..#########.#..g@.#
............#.#B#.#
#.#######.#.#####.#####
#.#######.............#
................#####.#
#.##...###.#...##.###.#
#.##.....#.##.##.#.##.#
.........#.##.#.###.#.#
...............## ##..#


You could see a giant cockroach, a hobgoblin and a ball python.

Vanquished Creatures
  2 bats (D:1)
  2 endoplasms (D:1)
  2 giant cockroaches (D:1)
  2 goblins (D:1)
  A hobgoblin (D:1)
  A quokka (D:1)
  A ball python (D:1)
  A frilled lizard (D:1)
  A kobold (D:1)
13 creatures vanquished.

Notes
Turn   | Place    | Note
-------+----------+-------------------------------------------
     0 | D:1      | xian the Vampire Enchanter began the quest for the Orb.
     0 | D:1      | Reached XP level 1. HP: 13/13 MP: 3/3
   255 | D:1      | Reached XP level 2. HP: 19/19 MP: 5/5
   480 | D:1      | Found a faded altar of an unknown god.
   549 | D:1      | Constricted to death by a ball python

Illustrated notes

Levels and vault maps discovered:
D:1:      psy_arrival_dodecagon, layout_loops_ring,
          shapermc_ecumenical_altar_acropolis, minmay_split_cup_small

Action                   || total
-------------------------++-------
Melee: Dagger            ||    39
       Bite              ||     6
       Punch             ||     1
 Stab: Sleeping          ||     6
Armor: Robe              ||     9
Dodge: Dodged            ||    22
